 Dungeon Crawl Stone Soup version 0.21-a0-344-g2144152 (webtiles) character file.

23 tidbits the Scratcher (level 2, -2/12 HPs)
             Began as a Felid Transmuter on Oct 4, 2017.
             Slain by a hobgoblin
             ... wielding a +0 club
              (5 damage)
             ... on level 1 of the Dungeon.
             The game lasted 00:02:44 (396 turns).

tidbits the Scratcher (Felid Transmuter)             Turns: 396, Time: 00:02:45

Health: -2/12      AC:  1    Str:  6    XL:     2   Next: 75%
Magic:  6/6        EV: 18    Int: 14    God:
Gold:   19         SH:  0    Dex: 16    Spells: 4/5 levels left
                                        Lives:  0   Deaths: 0

rFire    . . .     SeeInvis +     - Unarmed
rCold    . . .     Gourm    .   (shield unavailable)
rNeg     . . .     Faith    .   (armour unavailable)
rPois    .         Spirit   .   (helmet unavailable)
rElec    .         Reflect  .   (cloak unavailable)
rCorr    .         Harm     .   (gloves unavailable)
MR       .....                  (boots unavailable)
Stlth    ++........             (no amulet)
HPRegen  0.04/turn              (no ring)
MPRegen  0.10/turn              (no ring)

@: quick
A: no armour, no weapons or thrown items, stealth, claws 1, fangs 3, see
invisible, carnivore 3, speed 1, shaggy fur 1, slow metabolism 1, sharp paws
a: no special abilities


You were on level 1 of the Dungeon.
You were not hungry.

You visited 1 branch of the dungeon, and saw 2 of its levels.

You collected 19 gold pieces.

Inventory:

Missiles
 a - 37 arrows
Scrolls
 g - a scroll of enchant weapon {unknown}
Books
 b - a book of Changes

   Spells                             Type                      Level
   a - Beastly Appendage              Transmutation                1
   b - Sticks to Snakes               Transmutation                2
   c - Spider Form                    Transmutation/Poison         3
   d - Ice Form                       Ice/Transmutation            4
   e - Blade Hands                    Transmutation                5
Comestibles
 c - a meat ration
 f - a royal jelly


   Skills:
 + Level 1.4 Fighting
 + Level 3.1 Dodging
 + Level 3.2 Unarmed Combat
 + Level 2.2 Spellcasting
 + Level 2.5 Transmutations


You had 4 spell levels left.
You knew the following spells:

 Your Spells              Type           Power        Failure   Level  Hunger
e - Beastly Appendage     Tmut           #.....       9%          1    #......


Dungeon Overview and Level Annotations

Branches:
Dungeon (2/15)

Altars:
Hepliaklqana


Innate Abilities, Weirdness & Mutations

You cannot wear armour.
You are incapable of wielding weapons or throwing items.
Your paws allow you to move quietly. (Stealth)
You have sharp claws.
You have razor-sharp teeth.
You have supernaturally acute eyesight. (SInv)
You are carnivorous and can eat meat at any time.
You cover ground quickly.
You are covered in fur. (AC +1)
You have a slow metabolism.
Your sharp claws are effective at attacking unaware monsters.


Message History

The bat barely misses you.
The kobold throws a stone.
The stone closely misses you.
You see here a stone.
You miss the bat.
The bat is heavily wounded.
The bat barely misses you.
The kobold throws a stone.
The stone barely misses you. The bat hits you but does no damage.
The bat closely misses you. The bat hits you but does no damage.
The bat hits you.
* * * LOW HITPOINT WARNING * * *
You barely miss the bat.
The bat is moderately wounded.
The bat completely misses you. The bat misses you.
Casting: Beastly Appendage
Confirm with . or Enter, or press ? or * to list all spells.
You don't know that spell.
The bat hits you but does no damage.
You miss the bat. Your bite misses the bat.
The bat is moderately wounded.
The bat hits you.
* * * LOW HITPOINT WARNING * * *
You scratch the bat but do no damage.
The bat is moderately wounded.
The bat hits you.
* * * LOW HITPOINT WARNING * * *
The bat completely misses you. The bat closely misses you.
You scratch the bat but do no damage. The bat closely misses you.
The bat hits you but does no damage.
You feel yourself speed up.
Casting: Beastly Appendage
Confirm with . or Enter, or press ? or * to list all spells.
You grow a pair of large bovine horns.
The kobold throws a stone.
The stone closely misses you. The kobold barely misses you.
You scratch the kobold but do no damage.
You scratch the kobold. You bite the kobold, but do no damage.
The kobold is heavily wounded.
The kobold misses you. The bat hits you but does no damage.
You scratch the bat.
You kill the bat!
The kobold misses you.
You scratch the kobold.
You kill the kobold!
You see here a kobold corpse.
Your transformation is almost over.
There is a stone staircase leading up here.
Magic restored.
You climb upwards.
Found 2 gold pieces.
There is a stone staircase leading down here.
Found a pair of boots.
You now have 15 gold pieces (gained 2).
You see here a pair of boots.
Found 25 arrows.
Your horns disappear.
a - 37 arrows (gained 25)
A hobgoblin comes into view.
The helpless hobgoblin fails to defend itself.
You claw the hobgoblin!
You kill the hobgoblin!
Your extra speed is starting to run out.
A hobgoblin comes into view.
The hobgoblin shouts!
You feel yourself slow down.
Casting: Beastly Appendage
Confirm with . or Enter, or press ? or * to list all spells.
You grow a pair of large bovine horns.
You completely miss the hobgoblin. You closely miss the hobgoblin.
Your headbutt misses the hobgoblin. The hobgoblin closely misses you.
You closely miss the hobgoblin. You headbutt the hobgoblin.
You bite the hobgoblin, but do no damage.
The hobgoblin is moderately wounded.
The hobgoblin completely misses you.
You scratch the hobgoblin but do no damage.
The hobgoblin is moderately wounded.
The hobgoblin hits you.
* * * LOW HITPOINT WARNING * * *
You scratch the hobgoblin.
The hobgoblin is almost dead.
Your transformation is almost over.
The hobgoblin misses you.
You scratch the hobgoblin.
You kill the hobgoblin!
Found 4 gold pieces.
You now have 19 gold pieces (gained 4).
Your horns disappear.
A rat comes into view.
A rat is nearby!
You pounce on the unaware helpless rat!
You claw the rat!
You kill the rat!
Found 19 bolts.
You see here 19 bolts.
Found 19 stones.
You see here 19 stones.
A hobgoblin comes into view. It is wielding a club.
The hobgoblin hits you with a club.
You die...

##..#.>......# #.......#.#.#
#########.#.#.##.#.##### ####
#.......#...............
...#######.#####.###.#.##.#.#####
#.#..........##.###......#.#
##.#.#.#.#.##.#............>#
.......#.#.##.#..###.#####.##
##.#.###(#......@###.# ##.##
##.#.....##....g...#.# #...# #
...########.#.#.##.#.# #...# #
#### #.#.#.##.#.# #...# #
...#..[...# #...##### .#
####.######........ #.
#.#............. #...............
###..........(..


You could see a hobgoblin.

Vanquished Creatures
  An adder (D:2)
  A dart slug (D:1)
  A bat (D:2)
  A goblin (D:2)
  4 hobgoblins (D:1)
  A kobold (D:2)
  A frilled lizard (D:1)
  2 rats
12 creatures vanquished.

Notes
Turn   | Place    | Note
-------+----------+-------------------------------------------
     0 | D:1      | tidbits the Felid Transmuter began the quest for the Orb.
     0 | D:1      | Reached XP level 1. HP: 9/9 MP: 4/4
   213 | D:2      | Reached skill level 3 in Dodging
   213 | D:2      | Reached XP level 2. HP: 11/12 MP: 4/6
   223 | D:2      | Found a hazy altar of Hepliaklqana.
   319 | D:1      | HP: 1/12 [hobgoblin (4)]
   396 | D:1      | Slain by a hobgoblin

Vault maps used:
D:1:      lemuel_arrival_room
D:2:      nicolae_overflow_hidden_temple

Skill      XL: |  1 |
---------------+----+-----
Dodging        | 3 |  3.1
Fighting       | |  1.4
Unarmed Combat | |  3.2
Spellcasting   | |  2.2
Transmutations | |  2.5

Action                   || total
-------------------------++-------
Melee: Unarmed           ||    41
       Headbutt          ||     4
       Bite              ||     3
 Cast: Beastly Appendage ||     6
  Use: Scroll            ||     2
       Potion            ||     2
 Stab: Sleeping          ||     4
Armor: Skin              ||     5
Dodge: Dodged            ||    38

Table legend:
 A = Spawn XP
 B = Non-spawn XP
 C = Spawn XP percentage of total XP
 D = Spawn monster count
 E = Non-spawn monster count
 F = Spawn count percentage of total count
 G = Total turns spent on level
                    A         B        C        D         E        F      G
               +---------+---------+-------+---------+---------+-------+---------
         Total |       0 |      34 |   0.0 |       0 |      12 |   0.0 |   396
               +---------+---------+-------+---------+---------+-------+---------
           D:1 |       0 |      14 |   0.0 |       0 |       7 |   0.0 |   325
           D:2 |       0 |      20 |   0.0 |       0 |       5 |   0.0 |    71
               +---------+---------+-------+---------+---------+-------+---------

Table legend:
 A = Turns spent in this place as a percentage of turns spent in the entire game.
 B = Non-inter-level travel turns spent in this place as a percentage of non-inter-level travel turns spent in the entire game.
 C = Inter-level travel turns spent in this place as a percentage of turns spent in this place.
 D = Turns resting spent in this place as a percentage of non-inter-level travel turns spent in this place.
 E = Turns spent auto-exploring this place as a percentage of non-inter-level travel turns spent in this place.
 F = Non-inter-level travel turns spent in this place divided by the number of levels of this place that you've seen.
                   A       B       C       D       E      F
               +-------+-------+-------+-------+-------+----------------------
         Total | 100.0 | 100.0 |   1.5 |   0.0 |   0.0 | 195.0
       Dungeon | 100.0 | 100.0 |   1.5 |   0.0 |   0.0 | 195.0
               +-------+-------+-------+-------+-------+----------------------

Table legend:
 A = Kills in this place as a percentage of kills in entire the game.
 B = Kills by you in this place as a percentage of kills by you in the entire game.
 C = Kills by friends in this place as a percentage of kills by friends in the entire game.
 D = Other kills in this place as a percentage of other kills in the entire game.
 E = Experience gained in this place as a percentage of experience gained in the entire game.
 F = Experience gained in this place divided by the number of levels of this place that you have seen.
                   A       B       C       D       E      F
               +-------+-------+-------+-------+-------+----------------------
         Total | 100.0 | 100.0 |   N/A |   N/A | 100.0 |  17.0
       Dungeon | 100.0 | 100.0 |   N/A |   N/A | 100.0 |  17.0
               +-------+-------+-------+-------+-------+----------------------

Vault maps used:
D:1:      lemuel_arrival_room
D:2:      nicolae_overflow_hidden_temple
